 Dungeon Crawl Stone Soup version 0.19-a0-1782-g81ad427 (webtiles) character file.

102 Bzzzz the Covert (level 4, 0/22 HPs)
             Began as a Spriggan Assassin on Oct 3, 2016.
             Killed from afar by an orc wizard (9 damage)
             ... with a puff of flame
             ... on level 3 of the Dungeon.
             The game lasted 00:03:11 (2588 turns).

Bzzzz the Covert (Spriggan Assassin)                Turns: 2588, Time: 00:03:12

Health: 0/22       AC:  3    Str:  7    XL:     4   Next: 50%
Magic:  5/5        EV: 17    Int: 12    God:
Gold:   132        SH:  0    Dex: 18    Spells: 0 memorised, 3 levels left

rFire  . . .     SeeInvis +     b - +0 blowgun
rCold  . . .     Gourm    .     c - +0 robe
rNeg   . . .     Faith    .     (shield restricted)
rPois  .         Spirit   .     (helmet restricted)
rElec  .         Dismiss  .     d - +0 cloak
rCorr  .         Reflect  .     (gloves unavailable)
MR     .....     Harm     .     (boots unavailable)
Stlth  +++++.....               (no amulet)
                                (no ring)
                                (no ring)

@: very quick
A: unfitting armour, see invisible, herbivore 3, speed 3, slow metabolism 2
a: no special abilities


You were on level 3 of the Dungeon.
You were not hungry.

You visited 1 branch of the dungeon, and saw 3 of its levels.

You collected 132 gold pieces.

Inventory:

Hand Weapons
 a - a +3 dagger
 b - a +0 blowgun (weapon)
Missiles
 e - a poisoned needle (quivered)
 f - 2 curare-tipped needles
Armour
 c - a +0 robe (worn)
 d - a +0 cloak (worn)
Jewellery
 k - an uncursed ring of ice
Potions
 h - a potion of agility {unknown}
 j - a potion of lignification {unknown}
 l - a potion of brilliance {unknown}
 m - a potion of curing {unknown}
Comestibles
 g - 2 bread rations
 i - a slice of pizza
 n - 3 fruits


   Skills:
 - Level 1.5 Fighting
 - Level 2.1 Short Blades
 - Level 2.0 Throwing
 - Level 1.5 Dodging
 + Level 9.1 Stealth


You had 3 spell levels left.
You didn't know any spells.

Dungeon Overview and Level Annotations

Branches:
Dungeon (3/15)

Altars:
Ru
Trog


Innate Abilities, Weirdness & Mutations

You are very small and have problems with some larger weapons.
You are too small for most types of armour.
You have supernaturally acute eyesight. (SInv)
You are a herbivore.
You cover ground extremely quickly.
You need consume almost no food.


Message History

Aim: an orc wizard, wielding a dagger and wearing a robe (fast, poisoned)
You shoot a poisoned needle.
The poisoned needle hits the orc wizard.
The orc wizard looks even sicker.
The orc wizard hits you with a dagger.
Firing (i - inventory. (,) - cycle):
e - 3 poisoned needles (quivered)
Press: ? - help, Shift-Dir - straight line, f/p - orc wizard
Aim: an orc wizard, wielding a dagger and wearing a robe (lightly wounded, fast, poisoned)
You shoot a poisoned needle.
The poisoned needle closely misses the orc wizard.
The poisoned needle hits the orc.
The orc is poisoned.
The orc wizard completely misses you.
Firing (i - inventory. (,) - cycle):
e - 2 poisoned needles (quivered)
Press: ? - help, Shift-Dir - straight line, f/p - orc wizard
Aim: an orc wizard, wielding a dagger and wearing a robe (moderately wounded, fast, poisoned)
You shoot a poisoned needle.
The poisoned needle barely misses the orc wizard.
The poisoned needle hits the orc.
The orc looks even sicker.
The orc wizard gestures at you while chanting.
The puff of flame hits you!
You die...

#############
#..@o(oo(.(.#
#.#######.(.###
#
###.......######
#.......#.......
#..†......######
#..##....### .
#oo##....# #.#
#oo###.#.# #.#
#..# #†#.##.#.#


You could see an orc wizard and 2 orcs.

Vanquished Creatures
  A centaur skeleton (D:3)
  3 adders (D:2)
  An ooze (D:2)
  A worm (D:2)
  4 leopard geckos
  An orc (D:3)
  2 ball pythons (D:3)
  3 bats
  5 giant cockroaches
  3 goblins
  5 hobgoblins
  2 kobolds (D:1)
  4 frilled lizards
  A rat (D:3)
36 creatures vanquished.

Notes
Turn   | Place    | Note
-------+----------+-------------------------------------------
     0 | D:1      | Bzzzz the Spriggan Assassin began the quest for the Orb.
     0 | D:1      | Reached XP level 1. HP: 10/10 MP: 2/2
    45 | D:1      | Reached skill level 6 in Stealth
   284 | D:1      | Reached XP level 2. HP: 8/14 MP: 3/3
   908 | D:2      | Reached skill level 7 in Stealth
   955 | D:2      | Reached XP level 3. HP: 14/18 MP: 4/4
  1073 | D:2      | Found a sacrificial altar of Ru.
  1080 | D:2      | Reached skill level 8 in Stealth
  2121 | D:2      | Found a bloodstained altar of Trog.
  2452 | D:3      | Reached XP level 4. HP: 22/22 MP: 5/5
  2470 | D:3      | Reached skill level 9 in Stealth
  2588 | D:3      | Killed from afar by an orc wizard

Vault maps used:
D:1:      dpeg_arrival_signposts
D:2:      marbit_many_paths, lemuel_crystal_altar
D:3:      minmay_diamond_boxcup, lemuel_zombie_altar_yredelemnul, first_bread,
          patterned_corridor

Skill      XL: |  1  2  3  4 |
---------------+-------------+-----
Stealth        | 6 7 8 9 |  9.1
Fighting       | |  1.5
Short Blades   | |  2.1
Throwing       | |  2.0
Dodging        | |  1.5

Action                   |  1- 3 |  4- 6 || total
-------------------------+-------+-------++-------
Melee: Dagger            |    73 |    13 ||    86
 Fire: Blowgun           |       |     7 ||     7
  Use: Scroll            |     4 |     1 ||     5
 Stab: Sleeping          |    16 |     5 ||    21
Armor: Robe              |     5 |       ||     5
Dodge: Dodged            |    43 |     5 ||    48
